 Dungeon Crawl Stone Soup version 0.21-a0-414-gba8bdf1 (webtiles) character file.

144 mhoghedin the Sneak (level 5, 0/21 HPs)
             Began as a Felid Venom Mage on Nov 2, 2017.
             Slain by an orc
             ... wielding a +0 hand axe
              (2 damage)
             ... on level 3 of the Dungeon.
             The game lasted 00:13:04 (3496 turns).

mhoghedin the Sneak (Felid Venom Mage)              Turns: 3496, Time: 00:13:05

Health: 0/21       AC:  1    Str:  4    XL:     5   Next: 5%
Magic:  9/10       EV: 20    Int: 17    God:
Gold:   175        SH:  0    Dex: 17    Spells: 3/10 levels left
                                        Lives:  0   Deaths: 1

rFire    + . .     SeeInvis +   (weapon unavailable)
rCold    . . .     Gourm    .   (shield unavailable)
rNeg     . . .     Faith    .   (armour unavailable)
rPois    .         Spirit   .   (helmet unavailable)
rElec    .         Reflect  .   (cloak unavailable)
rCorr    .         Harm     .   (gloves unavailable)
MR       .....                  (boots unavailable)
Stlth    +++.......             c - amulet of regeneration {+regen, !d}
HPRegen  0.47/turn              n - ring of fire {rF+, rC-}
MPRegen  0.12/turn              e - ring of protection from cold {rC+, !d}

@: quick
A: no armour, no weapons or thrown items, stealth, claws 1, fangs 3, see
invisible, carnivore 3, speed 1, shaggy fur 1, slow metabolism 1, sharp paws
a: no special abilities


You were on level 3 of the Dungeon.
You were not hungry.

You visited 1 branch of the dungeon, and saw 3 of its levels.

You collected 175 gold pieces.

Inventory:

Jewellery
 c - an amulet of regeneration (around neck) {+regen, !d}
   (You found it on level 1 of the Dungeon)
 e - a ring of protection from cold (right paw) {rC+, !d}
   (You found it on level 1 of the Dungeon)
 n - a ring of fire (left paw) {rF+, rC-}
   (You found it on level 2 of the Dungeon)
Wands
 p - a wand of flame (32/48)
   (You took it off Natasha on level 2 of the Dungeon)
Scrolls
 d - a scroll of identify
 g - a scroll of recharging {unknown}
 h - a scroll of fear {unknown}
 k - a scroll of fog {unknown}
 m - a scroll of enchant weapon {unknown}
 o - a scroll of remove curse {unknown}
Potions
 f - a potion of might {unknown}
 i - a potion of brilliance {unknown}
 j - a potion of mutation {unknown}
 l - a potion of berserk rage {unknown}
Books
 a - a Young Poisoner's Handbook
Comestibles
 b - a meat ration {@e2}


   Skills:
 + Level 4.7 Dodging
 + Level 4.9 Stealth
 + Level 3.2 Spellcasting
 - Level 0.8 Conjurations
 + Level 3.8 Poison Magic


You had 3 spell levels left.
You knew the following spells:

 Your Spells              Type           Power        Failure   Level  Hunger
a - Sting                 Conj/Pois      ##..         6%          1    None
b - Poisonous Vapours     Pois/Air       #.....       12%         2    ##.....
c - Olgreb's Toxic Radia  Pois           ###.....     34%         4    ####...


Dungeon Overview and Level Annotations

Branches:
Dungeon (3/15)

Altars:

Annotations:
D:2 1 exclusion, Robin


Innate Abilities, Weirdness & Mutations

You cannot wear armour.
You are incapable of wielding weapons or throwing items.
Your paws allow you to move quietly. (Stealth)
You have sharp claws.
You have razor-sharp teeth.
You have supernaturally acute eyesight. (SInv)
You are carnivorous and can eat meat at any time.
You cover ground quickly.
You are covered in fur. (AC +1)
You have a slow metabolism.
Your sharp claws are effective at attacking unaware monsters.


Message History

Okay, then.
You start resting.
Aim: an orc, wielding a short sword Poisonous vapours surround the orc!
The orc is engulfed in poison gas.
The orc is poisoned.
You now have 0/10 mp.
The orc closely misses you.
You scratch the orc.
You kill the orc!
Your magical contamination has completely faded away.
No target in view!
No target in view!
You start resting.
MP restored: 10
Things that are here:
a short sword; a dagger; a robe You see here a short sword.
q - a chunk of flesh {@w0}
Things that are here:
a mace; a leather armour Eating a chunk of flesh {@w0}.
You eat the chunk of flesh {@w0}.
This raw flesh tastes great.
A bat is nearby!
A quokka comes into view.
The orc priest shouts!
You hear a shout!
You see here a bread ration {@e1}.
Okay, then.
Unknown command.
Unknown command.
Unknown command.
You begin to radiate toxic energy.
The orc wizard shouts!
The quokka is poisoned.
The orc wizard is poisoned.
The orc priest is poisoned.
You now have 6/10 mp.
Aim: an orc priest, wielding an enchanted flail and wearing a ring of protection from cold (lightly wounded, poisoned) Poisonous vapours surround the orc priest!
The bat is poisoned.
You kill the bat!
The orc wizard casts a spell.
The orc wizard blinks!
The orc priest is engulfed in poison gas.
The orc priest looks even sicker.
The orc priest mumbles some strange prayers to Beogh against you.
Beogh smites you!
Ouch! That really hurt!
* * * LOW HITPOINT WARNING * * *
A hobgoblin comes into view. It is wielding a dagger of venom.
You take 17 damage, and have 4/21 hp.
MASSIVE DAMAGE!!
You now have 4/10 mp.
Aim: an orc priest, wielding an enchanted flail and wearing a ring of protection from cold (severely wounded, poisoned)
The puff of flame hits the orc priest.
You kill the orc priest!
This wand has 32 charges left.
The hobgoblin is poisoned.
The orc wizard looks even sicker.
Your toxic aura wanes.
The orc wizard mumbles some strange words.
The orc wizard blinks!
The hobgoblin moves out of view.
The quokka bites you.
You die...
You are now level 4!
You rejoin the land of the living...
Health restored: 18; MP restored: 9 2 frilled lizards come into view.
Found a stone staircase leading down.
There are monsters nearby!
Aim: a frilled lizard (resting) Poisonous vapours surround the frilled lizard!
The frilled lizard hisses angrily.
The frilled lizard is engulfed in poison gas.
The frilled lizard is poisoned.
You now have 7/9 mp.
You feel a bit more experienced.
You feel a bit more experienced.
A goblin comes into view. It is wielding a dagger.
The goblin shouts!
You hear a shout! x3
You feel a bit more experienced.
Found a scroll labeled OSEVAD DIODGH.
Found a stone staircase leading down.
An orc comes into view. It is wielding a hand axe.
The goblin barely misses you.
An orc priest comes into view. It is wielding a short sword.
You completely miss the goblin.
The orc priest invokes the aid of Beogh against you.
Beogh smites you!
Ouch! That really hurt!
The goblin misses you.
A kobold and an orc come into view.
You take 11 damage, and have 7/18 hp.
MASSIVE DAMAGE!!
The orc completely misses you.
Welcome back to level 5!
You feel a bit more experienced.
The orc priest mumbles some strange prayers to Beogh against you.
Beogh smites you!
Ouch! That really hurt!
* * * LOW HITPOINT WARNING * * *
You take 9 damage, and have 1/21 hp.
MASSIVE DAMAGE!!
You scratch the orc. The orc hits you but does no damage.
You scratch the orc. The orc hits you with a hand axe.
You die...

#......r†%.........>....l.
#......##..$.........%..#
## #.#.
#.)).......o#####.###..?.K
#.#.##)###.....@o.og.K.#
###
#.#.#...##.#####.#######
#..................
...#.#.<.########.###
........## #.# #..#.####
#.# ...#. #.# ## #. #.# #.


You could see an orc priest, 2 orcs, a goblin and a kobold.

Vanquished Creatures
  An orc priest (D:3)
  2 orc wizards (D:3)
  Natasha (thrice) (D:2)
  3 adders
  3 worms
  3 dart slugs
  A leopard gecko (D:1)
  3 orcs
  2 giant cockroaches
  3 goblins
  5 hobgoblins
  6 kobolds
  3 quokkas
  2 ball pythons (D:1)
  5 bats
  4 frilled lizards
  2 rats
51 creatures vanquished.

Notes
Turn   | Place    | Note
-------+----------+-------------------------------------------
     0 | D:1      | mhoghedin the Felid Venom Mage began the quest for the Orb.
     0 | D:1      | Reached XP level 1. HP: 7/7 MP: 4/4
   310 | D:1      | You fall through a shaft!
   452 | D:1      | Reached skill level 3 in Dodging
   452 | D:1      | Reached skill level 3 in Stealth
   452 | D:1      | Reached XP level 2. HP: 11/11 MP: 0/6
   504 | D:1      | Learned a level 2 spell: Poisonous Vapours
   854 | D:1      | Reached skill level 3 in Poison Magic
  1088 | D:1      | Reached XP level 3. HP: 12/14 MP: 2/7
  2005 | D:2      | Noticed Natasha
  2013 | D:2      | Killed Natasha
  2013 | D:2      | Reached XP level 4. HP: 7/18 MP: 0/8
  2059 | D:2      | Learned a level 4 spell: Olgreb's Toxic Radiance
  2059 | D:2      | Noticed Natasha
  2174 | D:2      | Killed Natasha
  2174 | D:2      | Reached skill level 4 in Stealth
  2494 | D:2      | Reached skill level 4 in Dodging
  2786 | D:2      | Noticed Robin
  3026 | D:2      | Noticed Natasha
  3030 | D:2      | Killed Natasha
  3030 | D:2      | Reached XP level 5. HP: 21/21 MP: 1/10
  3142 | D:2      | Reached skill level 3 in Spellcasting
  3475 | D:3      | HP: 4/21 [orc priest/divine providence (17)]
  3476 | D:3      | Slain by a quokka
  3477 | D:3      | Reached XP level 4. HP: 0/18 MP: 4/9
  3493 | D:3      | Reached XP level 5. HP: 12/21 MP: 8/10
  3493 | D:3      | HP: 1/21 [orc priest/divine providence (11)]
  3496 | D:3      | Slain by an orc

Vault maps used:
D:1:      lordsloth_arrival_two_stooges
D:2:      uniq_robin, uniq_natasha
D:3:      first_bread, okawaru_trees_2

Skill      XL: |  1  2  3  4  5 |
---------------+----------------+-----
Dodging        | 3 4 |  4.7
Stealth        | 3 4 |  4.9
Poison Magic   | 3 |  3.8
Spellcasting   | 3 |  3.2
Conjurations   | |  0.8

Action                   |  1- 3 |  4- 6 || total
-------------------------+-------+-------++-------
Melee: Unarmed           |    17 |    32 ||    49
       Bite              |     2 |     2 ||     4
 Cast: Sting             |    40 |     9 ||    49
       Poisonous Vapours |    24 |    37 ||    61
       Olgreb's Toxic Ra |       |     1 ||     1
Evoke: Wand              |       |     1 ||     1
  Use: Scroll            |     1 |     1 ||     2
 Stab: Sleeping          |     1 |       ||     1
  Eat: Chunk             |     3 |     6 ||     9
       Meat ration       |       |     1 ||     1
Armor: Skin              |     3 |     2 ||     5
Dodge: Dodged            |    29 |    29 ||    58

Table legend:
 A = Spawn XP
 B = Non-spawn XP
 C = Spawn XP percentage of total XP
 D = Spawn monster count
 E = Non-spawn monster count
 F = Spawn count percentage of total count
 G = Total turns spent on level
                    A         B        C        D         E        F      G
               +---------+---------+-------+---------+---------+-------+---------
         Total |       0 |     359 |   0.0 |       0 |      51 |   0.0 |  3496
               +---------+---------+-------+---------+---------+-------+---------
           D:1 |       0 |      50 |   0.0 |       0 |      18 |   0.0 |  1828
           D:2 |       0 |     173 |   0.0 |       0 |      23 |   0.0 |  1512
           D:3 |       0 |     136 |   0.0 |       0 |      10 |   0.0 |   156
               +---------+---------+-------+---------+---------+-------+---------

Vault maps used:
D:1:      lordsloth_arrival_two_stooges
D:2:      uniq_robin, uniq_natasha
D:3:      first_bread, okawaru_trees_2

Table legend:
 A = Turns spent in this place as a percentage of turns spent in the entire game.
 B = Non-inter-level travel turns spent in this place as a percentage of non-inter-level travel turns spent in the entire game.
 C = Inter-level travel turns spent in this place as a percentage of turns spent in this place.
 D = Turns resting spent in this place as a percentage of non-inter-level travel turns spent in this place.
 E = Turns spent auto-exploring this place as a percentage of non-inter-level travel turns spent in this place.
 F = Non-inter-level travel turns spent in this place divided by the number of levels of this place that you've seen.
                   A       B       C       D       E      F
               +-------+-------+-------+-------+-------+----------------------
         Total | 100.0 | 100.0 |   7.9 |  42.3 |  28.9 | 1073.7
       Dungeon | 100.0 | 100.0 |   7.9 |  42.3 |  28.9 | 1073.7
               +-------+-------+-------+-------+-------+----------------------

Table legend:
 A = Kills in this place as a percentage of kills in entire the game.
 B = Kills by you in this place as a percentage of kills by you in the entire game.
 C = Kills by friends in this place as a percentage of kills by friends in the entire game.
 D = Other kills in this place as a percentage of other kills in the entire game.
 E = Experience gained in this place as a percentage of experience gained in the entire game.
 F = Experience gained in this place divided by the number of levels of this place that you have seen.
                   A       B       C       D       E      F
               +-------+-------+-------+-------+-------+----------------------
         Total | 100.0 | 100.0 |   N/A |   N/A | 100.0 | 119.7
       Dungeon | 100.0 | 100.0 |   N/A |   N/A | 100.0 | 119.7
               +-------+-------+-------+-------+-------+----------------------
